 Dungeon Crawl Stone Soup version 0.31-a0-981-geadf994542 (webtiles) character file.

Game seed: 6237021456399282997

167 IdlyInterested the Trooper (level 5, -7/43 HPs)
             Began as a Demonspawn Fighter on Oct 31, 2023.
             Blown up by Ijyb (20 damage)
             ... with a mindburst bolt
             ... on level 4 of the Dungeon.
             The game lasted 00:08:49 (2428 turns).

IdlyInterested the Trooper (Demonspawn Fighter)     Turns: 2428, Time: 00:08:50

Health: -7/43      AC:  9    Str: 19    XL:     5   Next: 23%
Magic:  5/5        EV:  9    Int:  9    God:
Gold:   128        SH:  4    Dex: 12    Spells: 4/4 levels left

rFire   . .          .
                       - Unarmed
rCold   . . .        b - +0 buckler
rNeg    . . .        a - +0 scale mail
rPois   .            (helmet restricted)
rElec   .            A - +0 cloak
rCorr   .            (no gloves)
SInv    .            C - +0 pair of boots
Will    .....        (no amulet) Stlth
                     (no ring)
HPRegen 0.27/turn    (no ring)
MPRegen 0.09/turn

%: no passive effects
@: no status effects
A: horns 1, foul stench 1
a: no special abilities


You were on level 4 of the Dungeon.
You visited 1 branch of the dungeon, and saw 4 of its levels.

You collected 128 gold pieces.

Inventory:

Hand Weapons
 f - a +0 mace
 l - a +0 spear
 o - a +0 short sword
 q - a +0 falchion
 w - a +0 war axe
Missiles
 h - 2 datura-tipped darts
 i - 20 stones (quivered)
Armour
 a - a +0 scale mail (worn)
 b - a +0 buckler (worn)
 t - a +0 leather armour
 A - a +0 cloak (worn)
 C - a +0 pair of boots (worn)
Magical Staves
 n - a staff of earth
Jewellery
 s - a ring of fire
Talismans
 r - a beast talisman
Scrolls
 m - 2 scrolls of enchant weapon
 p - a scroll of revelation
 u - a scroll of vulnerability
 v - a scroll of enchant armour {unknown}
 y - 2 scrolls of teleportation {unknown}
 z - a scroll of fog {unknown}
Potions
 c - 2 potions of might
 d - 5 potions of curing
 e - a potion of enlightenment {unknown}
 g - a potion of mutation {unknown}
 j - a potion of attraction
 k - a potion of heal wounds


   Skills:
 + Level 4.8 Fighting
 - Level 1.0 Throwing
 - Level 3.0 Armour
 - Level 1.0 Dodging
 - Level 1.0 Stealth
 - Level 3.0 Shields
 - Level 1.7 Unarmed Combat
 - Level 1.0 Evocations
 * Level 0.2 Shapeshifting


You had 4 spell levels left.
You didn't know any spells.
Your spell library contained the following spells:

 Spells                   Type           Power      Damage    Failure   Level
 Vhi's Electric Charge    Tloc/Air       0%         N/A       100%        4
 Arcjolt                  Conj/Air       0%         1d10      100%        5
 Plasma Beam              Fire/Air       0%         2x1d10    100%        6


Dungeon Overview and Level Annotations

Branches:
Dungeon (4/15)
 Temple: D:4-7

Altars:
Xom

Annotations:
D:4 Ijyb


Innate Abilities, Weirdness & Mutations

You have a pair of small horns on your head.
You may rarely emit foul miasma when damaged in melee.


Message History

You hit Ijyb but do no damage. You headbutt Ijyb.
Ijyb is heavily wounded.
Ijyb zaps a wand.
Your mind is blasted!
You hit Ijyb but do no damage.
Ijyb is heavily wounded.
Ijyb hits you with a +0 dagger.
You hit Ijyb but do no damage. You headbutt Ijyb.
Ijyb is severely wounded.
Ijyb zaps a wand.
Your mind is blasted!
Unknown command.
You closely miss Ijyb.
Ijyb is severely wounded.
Ijyb zaps a wand.
Your mind is blasted!
* * * LOW HITPOINT WARNING * * *
Unknown command.
You feel much better. Ijyb barely misses you.
You closely miss Ijyb.
Ijyb is severely wounded.
Ijyb hits you but does no damage.
You closely miss Ijyb. Your headbutt misses Ijyb.
Ijyb is heavily wounded.
Ijyb zaps a wand.
Your mind is blasted!
You barely miss Ijyb.
Ijyb is heavily wounded.
Ijyb grins evilly.
Ijyb closely misses you.
You hit Ijyb. Your headbutt misses Ijyb.
Ijyb is severely wounded.
Ijyb misses you.
You hit Ijyb.
Ijyb is severely wounded.
You block Ijyb's attack.
You hit Ijyb but do no damage.
Ijyb is severely wounded.
Ijyb zaps a wand.
Your mind is blasted!
* * * LOW HITPOINT WARNING * * *
You hit Ijyb but do no damage.
Ijyb is severely wounded.
Ijyb zaps a wand.
Your mind is blasted!
You die...

#.#.#.#
#.#.#.#
#...#.#
#####.# #.#
#.# #.#
#.#########
#..@g....?.
##########.


You could see Ijyb.

Vanquished Creatures
  A sleepcap (D:3)
  An iguana (D:4)
  5 adders
  A worm (D:4)
  A dart slug (D:2)
  3 ball pythons
  4 bats
  7 endoplasms
  5 giant cockroaches
  11 hobgoblins
  3 kobolds
  2 quokkas
  5 frilled lizards
  7 goblins
  2 rats
58 creatures vanquished.

Notes
Turn   | Place    | Note
-------+----------+-------------------------------------------
     0 | D:1      | IdlyInterested the Demonspawn Fighter began the quest for
                  | the Orb.
     0 | D:1      | Reached XP level 1. HP: 18/18 MP: 1/1
   140 | D:1      | Gained mutation: You may rarely emit foul miasma when
                  | damaged in melee. [demonic ancestry]
   140 | D:1      | Reached XP level 2. HP: 24/24 MP: 2/2
   637 | D:2      | Reached skill level 1 in Dodging
   785 | D:2      | Gained mutation: You have a pair of small horns on your
                  | head. [demonic ancestry]
   785 | D:2      | Reached XP level 3. HP: 26/30 MP: 3/3
   944 | D:2      | Reached skill level 1 in Throwing
  1158 | D:2      | Reached skill level 4 in Fighting
  1225 | D:2      | Found a shimmering altar of Xom.
  1416 | D:3      | Reached XP level 4. HP: 32/37 MP: 4/4
  1623 | D:3      | Found a faded altar of an unknown god.
  1962 | D:4      | Identified the "Laobauw"
  2058 | D:4      | Reached skill level 1 in Stealth
  2083 | D:4      | Reached skill level 1 in Evocations
  2083 | D:4      | Reached XP level 5. HP: 10/43 MP: 5/5
  2400 | D:4      | Noticed Ijyb
  2420 | D:4      | HP: 2/43 [disintegration (17)]
  2428 | D:4      | Blown up by Ijyb

Illustrated notes

Levels and vault maps discovered:
D:1:      minmay_arrival_nine_rooms, layout_rooms,
          nicolae_concentric_dashed_squares_mild
D:2:      layout_basic, basic_altar
D:3:      layout_rooms, basic_ecumenical_altar, minmay_misc_feat_pillars
D:4:      due_chaos_kobolds, layout_basic, uniq_ijyb, uniq_blork_the_orc

Skill      XL: |  1  2  3  4 |
---------------+-------------+-----
Armour         | 3 |  3.0
Dodging        | 1 |  1.0
Throwing       | 1 |  1.0
Fighting       | 4 |  4.8
Shields        | 3 |  3.0
Stealth        | 1 |  1.0
Evocations     | 1 |  1.0
Unarmed Combat | |  1.7
Shapeshifting  | |  0.2

Action                     |  1- 3 |  4- 6 || total
---------------------------+-------+-------++-------
  Melee: Unarmed           |   188 |   101 ||   289
         Headbutt          |     8 |    22 ||    30
  Throw: Stone             |       |     1 ||     1
    Use: Potion            |     2 |     2 ||     4
         Scroll            |     1 |     2 ||     3
 Armour: Scale mail        |    92 |    50 ||   142
  Dodge: Dodged            |    87 |    28 ||   115
  Block: Buckler           |    39 |    15 ||    54

Table legend: (Time is in decaauts)
 A = Elapsed time spent in this place.
 B = Non-inter-level travel time spent in this place.
 C = Inter-level travel time spent in this place.
 D = Time resting spent in this place.
 E = Time spent auto-exploring this place.
 F = Levels seen in this place.
 G = Mean time per level.
                   A        B        C        D        E       F      G
               +--------+--------+--------+--------+--------+-----+--------+
         Total |   2433 |   2171 |    262 |    386 |    971 |   4 |  608.2 |
       Dungeon |   2433 |   2171 |    262 |    386 |    971 |   4 |  608.2 |
               +--------+--------+--------+--------+--------+-----+--------+

Top non-repeatable levels by time:
     D:2: 818 daAuts
     D:1: 657 daAuts
     D:3: 542 daAuts
     D:4: 415 daAuts
